 Dungeon Crawl Stone Soup version 0.25-a0-697-g890751e (webtiles) character file.

Game seed: 10290007031354945990, levelgen mode: deterministic

82002 Berder the Bludgeoner (level 15, -7/119 HPs)
             Began as a Mummy Chaos Knight on Mar 31, 2020.
             Was a Plaything of Xom.
             Killed from afar by a thorn hunter (43 damage)
             ... with a volley of thorns
             ... on level 2 of the Swamp.
             The game lasted 01:59:02 (41109 turns).

Berder the Bludgeoner (Mummy Chaos Knight)         Turns: 41109, Time: 01:59:03

Health: -7/119     AC: 27    Str: 22    XL:     15   Next: 28%
Magic:  19/20      EV:  5    Int: 11    God:    Xom [...*..]
Gold:   682        SH: 26    Dex: 18    Spells: 14/14 levels left

rFire    . . .     SeeInvis +   a - +6 eveningstar (chaos)
rCold    + . .     Gourm    .   Z - +1 tower shield {rF+}
rNeg     + + +     Faith    .   i - +5 chain mail "Xinuhim" {+Blink SInv}
rPois    ∞         Spirit   .   D - +2 hat
rElec    .         Reflect  +   X - +0 cloak
rCorr    .         Harm     .   C - +1 pair of gloves
MR       +....                  q - +0 pair of boots
Stlth    ..........             f - brooch of Shielding {Reflect SH+8}
HPRegen  0.29/turn              I - +4 ring of protection
MPRegen  0.17/turn              s - +6 ring of dexterity

@: about to teleport
A: no food or potions, fire vulnerability, cold resistance 1, negative energy
resistance 3, torment resistance, unbreathing, in touch with death 1
a: Renounce Religion, Evoke Blink


You were on level 2 of the Swamp.
You worshipped Xom.
You were a favourite toy of Xom.
You were not hungry.

You visited 4 branches of the dungeon, and saw 22 of its levels.
You also visited: Sewer and Volcano.

You collected 2684 gold pieces.
You spent 2002 gold pieces at shops.

Inventory:

Hand Weapons
 a - a +6 eveningstar of chaos (weapon)
 b - a +1 hand crossbow of flaming
 m - the +5 rapier of Sulphur {freeze, rElec rPois rF-}
   (You took it off an orc on level 8 of the Dungeon)

   It has been specially enchanted to freeze those struck by it, causing extra
   injury to most foes and up to half again as much damage against particularly
   susceptible opponents.
   It can also slow down cold-blooded creatures.
   It makes you vulnerable to fire.
   It insulates you from electricity.
   It protects you from poison.
 t - a +3 vorpal morningstar
Missiles
 g - a throwing net
 u - 109 bolts
 w - 6 curare-tipped darts (quivered)
Armour
 i - the +5 chain mail "Xinuhim" (worn) {+Blink SInv}
   (You found it on level 6 of the Lair of Beasts)

   It lets you see invisible.
   It lets you blink.
 k - a +2 plate armour of magic resistance
 q - a +0 pair of boots (worn)
 A - the +0 ring mail of Urghem {rPois Regen+ rCorr Int+4}
   (You found it on level 6 of the Dungeon)

   It affects your intelligence (+4).
   It protects you from poison.
   It increases your rate of regeneration.
   It provides partial protection from all sources of acid and corrosion.
 B - the +1 scale mail of Duvi {MR+}
   (You bought it in a shop on level 2 of the Orcish Mines)

   It affects your resistance to hostile enchantments.
 C - a +1 pair of gloves (worn)
 D - a +2 hat (worn)
 H - a +0 kite shield
 W - a scarf of repulsion
 X - a +0 cloak (worn)
 Z - a +1 tower shield of fire resistance (worn)
Jewellery
 f - the brooch of Shielding (around neck) {Reflect SH+8}
   (You found it on level 5 of the Lair of Beasts)

   [amulet of reflection]

   It shields you and reflects attacks.
   It affects your SH (+8).
 j - an uncursed ring of flight
 s - a +6 ring of dexterity (right hand)
 x - the ring of Gaumotwa {*Tele rElec rF- Dex+4}
   (Xom gifted it to you on level 2 of the Lair of Beasts)

   [ring of teleportation]

   It may teleport you next to monsters.
   It affects your dexterity (+4).
   It makes you vulnerable to fire.
   It insulates you from electricity.
 E - a +4 ring of intelligence
 F - an uncursed ring of resist corrosion
 I - a +4 ring of protection (left hand)
 L - an uncursed ring of protection from fire
 N - an uncursed ring of see invisible
 T - an uncursed amulet of faith
Wands
 h - a wand of scattershot (15)
 p - a wand of flame (63)
 K - a wand of random effects (20)
 M - a wand of clouds (7)
 P - a wand of polymorph (18)
 Q - a wand of iceblast (7)
 S - a wand of disintegration (32)
 Y - a wand of paralysis (4)
Scrolls
 c - 4 scrolls of teleportation
 d - 4 scrolls of magic mapping
 e - 11 scrolls of remove curse
 l - 3 scrolls of amnesia
 n - 4 scrolls of noise
 o - 3 scrolls of enchant armour
 r - 10 scrolls of identify
 v - 2 scrolls of fog
 y - a scroll of silence
 z - a scroll of fear
 G - a scroll of torment
 O - 3 scrolls of holy word
Miscellaneous
 J - a phial of floods (inert)


   Skills:
 - Level 11.5 Fighting
 + Level 15.4 Maces & Flails
 + Level 8.2 Armour
 - Level 0.7 Dodging
 - Level 5.0 Stealth
 + Level 8.4 Shields
 - Level 7.0 Evocations


You had 14 spell levels left.
You didn't know any spells.
Your spell library contained the following spells:

 Spells                   Type           Power        Failure   Level  Hunger
 Corona                   Hex            #......      100%        1    N/A
 Foxfire                  Conj/Fire      #...         100%        1    N/A
 Freeze                   Ice            #...         100%        1    N/A
 Magic Dart               Conj           #...         100%        1    N/A
 Sting                    Tmut/Pois      #...         100%        1    N/A
 Corpse Rot               Necr/Air       N/A          100%        2    N/A
 Ensorcelled Hibernation  Hex/Ice        #.....       100%        2    N/A
 Searing Ray              Conj           #.....       100%        2    N/A
 Confusing Touch          Hex            #.......     100%        3    N/A
 Conjure Flame            Conj/Fire      #.......     100%        3    N/A
 Dazzling Flash           Conj/Hex       #.....       100%        3    N/A
 Frozen Ramparts          Ice            #.....       100%        3    N/A
 Inner Flame              Hex/Fire       #.......     100%        3    N/A
 Ozocubu's Armour         Chrm/Ice       #.......     100%        3    N/A
 Tukima's Dance           Hex            #.......     100%        3    N/A
 Cause Fear               Hex            #.........   100%        4    N/A
 Dispel Undead            Necr           #.......     100%        4    N/A
 Fulminant Prism          Conj/Hex       #.........   100%        4    N/A
 Iskenderun's Mystic Bla  Conj/Tloc      #.......     100%        4    N/A
 Sticky Flame             Conj/Fire      #.......     100%        4    N/A
 Summon Ice Beast         Ice/Summ       #.......     100%        4    N/A
 Agony                    Necr           #.......     100%        5    N/A
 Bolt of Magma            Conj/Fire/Erth #.........   100%        5    N/A
 Excruciating Wounds      Chrm/Necr      #.........   100%        5    N/A
 Fireball                 Conj/Fire      #.........   100%        5    N/A
 Iskenderun's Battlesphe  Conj/Chrm      #.......     100%        5    N/A
 Silence                  Hex/Air        #.........   100%        5    N/A
 Yara's Violent Unravell  Hex/Tmut       #.........   100%        5    N/A
 Deflect Missiles         Chrm/Air       #.........   100%        6    N/A
 Iron Shot                Conj/Erth      #.........   100%        6    N/A
 Orb of Destruction       Conj           #.........   100%        7    N/A
 Spellforged Servitor     Conj/Summ      #.........   100%        7    N/A
 Discord                  Hex            #.........   100%        8    N/A
 Sublimation of Blood     Necr           Unusable     N/A         2    N/A

Dungeon Overview and Level Annotations

Branches:
Dungeon (12/15)            Temple (0/1) D:5            Lair (6/6) D:9
  Swamp (2/4) Lair:2       Spider (0/4) Lair:3        Slime (0/5) Lair:5
    Orc (2/2) D:12            Elf (0/3) Orc:2         Sewer (visited)
Volcano (visited)

Altars:
Ashenzari
Cheibriados
Dithmenos
Elyvilon
Gozag
Qazlal
Ru
Trog
Vehumet
Wu Jian
Xom
Zin
Beogh

Shops:
D:4 }   D:7 %   D:11 }   D:12 ?   Orc:2 [((:*

Annotations:
D:2 , yiuf cloak
D:3 1 runed translucent door
Lair:4 2 transporters, louisi3's ghost, journeyman HaHu
Lair:5 exclusion: oklob plant
Swamp:1 2 transporters


Innate Abilities, Weirdness & Mutations

You do not eat or drink.
Your flesh is vulnerable to fire.
You are immune to poison.
Your flesh is cold resistant. (rC+)
You are immune to negative energy. (rN+++)
You are immune to unholy pain and torment.
You can survive without breathing.
You are in touch with the powers of death.


Message History

You are frozen.
You block the ice beast's attack.
You completely miss FishTaco's ghost.
FishTaco's ghost is lightly damaged.
FishTaco's ghost hits you but does no damage.
You block the ice beast's attack.
You hit FishTaco's ghost.
FishTaco's ghost is moderately damaged.
You block FishTaco's ghost's attack.
The ice beast hits you but does no damage.
You hit FishTaco's ghost.
FishTaco's ghost is moderately damaged.
You block FishTaco's ghost's attack.
The ice beast hits you but does no damage.
You closely miss FishTaco's ghost.
FishTaco's ghost is moderately damaged.
You block FishTaco's ghost's attack.
You completely miss FishTaco's ghost.
FishTaco's ghost is moderately damaged.
Xom plays with reality for a moment.
The ice beast disappears in a puff of smoke! x3
FishTaco's ghost flies into a frenzy!
FishTaco's ghost refuses to make way for you. (Use ctrl+direction or * direction to attack.)
Press: ? - help, v - describe, . - travel
Here: FishTaco's ghost (moderately damaged, frenzied and insane)
The floor.
Unknown command.
FishTaco's ghost refuses to make way for you. (Use ctrl+direction or * direction to attack.) FishTaco's ghost refuses to make way for you. (Use ctrl+direction or * direction to attack.)
Your +6 eveningstar of chaos is briefly surrounded by a scintillating aura of random colours.
a - a +6 eveningstar of chaos (weapon)
You block FishTaco's ghost's attack.
FishTaco's ghost refuses to make way for you. (Use ctrl+direction or * direction to attack.) FishTaco's ghost refuses to make way for you. (Use ctrl+direction or * direction to attack.) FishTaco's ghost refuses to make way for you. (Use ctrl+direction or * direction to attack.) FishTaco's ghost refuses to make way for you. (Use ctrl+direction or * direction to attack.) Unknown command.
You hit FishTaco's ghost but do no damage.
Lightning courses through FishTaco's ghost!
FishTaco's ghost is heavily damaged.
You block FishTaco's ghost's attack.
You puncture FishTaco's ghost! You freeze FishTaco's ghost.
FishTaco's ghost is severely damaged.
You block FishTaco's ghost's attack.
You miss FishTaco's ghost.
FishTaco's ghost is severely damaged.
You puncture FishTaco's ghost!
You destroy FishTaco's ghost!
Unknown command.
You block Faca's ghost's attack.
Faca's ghost says, "I was once a great warrior, and I still am!"
You hit Faca's ghost but do no damage.
Faca's ghost seems to slow down.
You miss Faca's ghost. Faca's ghost barely misses you.
You bludgeon Faca's ghost!! You burn Faca's ghost.
Faca's ghost is moderately damaged.
You miss Faca's ghost.
Faca's ghost is moderately damaged.
You block Faca's ghost's attack.
You impale Faca's ghost!! You burn Faca's ghost.
Faca's ghost is heavily damaged.
You miss Faca's ghost.
Faca's ghost is heavily damaged.
Faca's ghost says, "I was once a great warrior, and I still am!"
You block Faca's ghost's attack.
You closely miss Faca's ghost.
Faca's ghost is heavily damaged.
You bludgeon Faca's ghost!!
Space bends around Faca's ghost.
Faca's ghost is severely damaged.
Faca's ghost hits you but does no damage.
You miss Faca's ghost.
Faca's ghost is severely damaged.
You block Faca's ghost's attack.
You completely miss Faca's ghost.
Faca's ghost is severely damaged.
You barely miss Faca's ghost.
Faca's ghost is severely damaged.
You block Faca's ghost's attack.
You completely miss Faca's ghost.
Faca's ghost is severely damaged.
You miss Faca's ghost.
Faca's ghost is severely damaged.
Faca's ghost hits you but does no damage.
You sock Faca's ghost! You freeze Faca's ghost.
Faca's ghost is almost destroyed.
You completely miss Faca's ghost.
Faca's ghost is almost destroyed.
Faca's ghost is no longer moving slowly.
You block Faca's ghost's attack.
You hit Faca's ghost but do no damage.
Faca's ghost is almost destroyed.
You block Faca's ghost's attack.
You sock Faca's ghost! You freeze Faca's ghost.
You destroy Faca's ghost!
No target in view!
There is an open translucent gate here.
You now have 682 gold pieces (gained 16).
You see here a phial of floods.
J - a phial of floods Done exploring.
Done exploring.
Unknown command.
Done exploring.
There is an open translucent gate here.
Unknown command.
(D) Dungeon (T) Temple (L) Lair (S) Swamp (N) Spider Nest (M) Slime Pits (O) Orcish Mines (E) Elven Halls
Where to? (Enter - D:8 @ (x,y), ? - help)
What level of the Swamp? (default 1, ? - help)
There is an escape hatch in the floor here.
There is an open door here.
There is a stone staircase leading down here.
You climb downwards.
There is a stone staircase leading up here.
You see here a ration.
There is a staircase to the Lair here.
You see here a ring of dexterity.
You climb downwards.
Welcome back to the Lair of Beasts!
There is a staircase back to the Dungeon here.
There is an open door here.
There is a stone staircase leading down here.
You climb downwards.
There is a stone staircase leading up here.
You see here a ration.
There is a staircase to the Swamp here.
You climb downwards.
Welcome back to the Swamp!
This branch contains the decaying rune of Zot.
Level annotation: 2 transporters
There is a staircase back to the Lair here.
There is a stone staircase leading down here.
You climb downwards.
There is a stone staircase leading up here.
Unknown command.
Unknown command.
You enter the shallow water.
Moving in this stuff is going to be slow.
You enter the shallow water.
Moving in this stuff is going to be slow.
You enter the shallow water.
Moving in this stuff is going to be slow.
Found a chain mail.
The thorn hunter is too close now for your liking.
Unknown command.
Thorny briars emerge from the ground!
Xom briefly touches your surroundings.
The thorn hunter fires a volley of thorns at you.
The volley of thorns hits you!!
You puncture the briar patch!
The briar patch is heavily damaged.
The thorn hunter hits the briar patch.
The thorn hunter hits the briar patch but does no damage.
You impale the briar patch!!
You destroy the briar patch!
The thorn hunter fires a volley of thorns at you.
The volley of thorns hits you but does no damage.
The thorn hunter fires a volley of thorns at you.
The volley of thorns hits you!!
A shower of butterflies erupts from you!
You impale the briar patch!! You freeze the briar patch.
You destroy the briar patch!
Evoke which item? (* to show all) (? for menu, Esc to quit)
Aim the phial where?
Press: ? - help, Shift-Dir - straight line, f - thorn hunter
Aim: a thorn hunter The torrent of water hits the thorn hunter!
The thorn hunter is lightly damaged.
The wave splashes down.
Splash!
You fall into the shallow water.
Moving in this stuff is going to be slow.
Your butterfly is engulfed in water.
You hear a shout!
You hear a horrible gurgling sound! x6
A spriggan rider comes into view. It is wielding a +0 spear.
You block the thorn hunter's attack.
The thorn hunter hits you but does no damage.
You can't drink.
Unknown command.
Okay, then.
The thorn hunter fires a volley of thorns at you.
The volley of thorns hits you!!!
* * * LOW HITPOINT WARNING * * *
The spriggan rider hits your butterfly with a +0 spear!!
Your butterfly dies!
Okay, then.
Unknown command.
Okay, then.
Unknown command.
Unknown command.
You blink.
You block the spriggan rider's attack.
Unknown command.
Unknown command.
As you read the scroll of teleportation, it crumbles to dust.
You feel strangely unstable.
The briar patch crumbles away.
The spriggan rider hits you but does no damage.
Unknown command.
Xom complains about the scenery.
The briar patch crumbles away.
The thorn hunter fires a volley of thorns at you.
The volley of thorns hits you!!!
You die...
Xom snickers!

♣≈≈.♣.≈≈≈≈≈..≈≈≈≈♣♣
♣♣♣♣♣..≈≈≈≈..≈≈§..♣
♣♣≈≈≈≈≈≈.≈≈.....♣♣♣♣
♣♣.b≈≈..≈≈....≈♣....♣
♣≈≈≈≈.b.≈≈≈........≈♣
♣♣≈≈≈≈..b§§≈.≈.≈.≈.♣♣♣
♣PPP≈f..≈..._♣≈♣♣♣♣♣
♣P≈≈P≈..♣♣..♣♣♣♣
♣≈≈PP≈b≈≈.@.♣
..≈≈≈≈P≈≈≈≈i≈.♣
≈.§≈≈≈≈PP..≈≈...♣
≈......PP_♣..≈..[≈
...≈≈.≈≈≈♣♣♣≈≈≈≈...
..≈..≈≈≈≈. ♣≈≈≈..≈.♣
.....≈≈≈≈. ♣♣≈.≈♣.≈..
♣♣♣♣≈≈≈.≈


You could see a thorn hunter and a spriggan rider.

Vanquished Creatures
  Gastronok (D:10)
  An orc warlord (Orc:1)
  A ghost moth (Lair:5)
  Snorg (Lair:6)
  Erica (D:9)
  3 catoblepae
  6 hydras
  2 two-headed ogres
  5 alligators
  The ghost of Cobeeg the Blocker, a journeyman GrFi of the Shining One (D:11)
  The ghost of Cobeeg the Blocker, a journeyman GrFi of the Shining One (D:11)
  A queen ant (Lair:5)
  An orc high priest (Orc:2)
  17 death yaks
  The ghost of Faca the Archer, a novice CeHu of Okawaru (D:8)
  The ghost of FishTaco the Thaumaturge, a novice DEIE of Sif Muna (D:8)
  An unseen horror (D:10)
  A death drake (Lair:6)
  2 ugly things (D:11)
  A lindwurm (shapeshifter) (Lair:6)
  5 orc knights
  2 manticores (Lair:6)
  4 orc sorcerers
  A cyclops (D:11)
  2 black mambas
  A gargoyle (D:12)
  Maggie (D:7)
  14 spiny frogs
  An efreet (Volcano)
  3 komodo dragons
  4 rime drakes
  2 trolls
  A polar bear (Lair:4)
  16 blink frogs
  6 hornets
  Prince Ribbit (Lair:3)
  4 bog bodies
  6 dream sheep
  6 hippogriffs
  A shadow (Swamp:1)
  A human (D:7)
  The ghost of mrBerzer the Cudgeler, an amateur DrBe of Trog (D:3)
  A fire elemental (Lair:1)
  6 wyverns
  32 yaks
  A basilisk (Lair:6)
  4 hogs (D:7)
  Grum (D:8)
  3 vampire mosquitoes (Swamp:1)
  6 insubstantial wisps (Swamp:1)
  5 swamp worms (Swamp:1)
  A soldier ant (shapeshifter) (Lair:2)
  8 wargs
  31 orc warriors
  12 water moccasins
  A swamp drake (Swamp:2)
  3 porcupines
  7 ice beasts
  2 phantoms
  3 sky beasts
  3 black bears
  7 necrophages
  13 ogres
  41 wolves
  2 centaurs
  20 crocodiles
  3 big kobolds
  16 bullfrogs
  3 scorpions
  16 killer bees
  2 electric eels
  2 howler monkeys
  7 crimson imps
  A bullfrog zombie (D:11)
  A quasit (D:11)
  2 bullfrog skeletons
  A centaur zombie (D:6)
  33 orc wizards
  Crazy Yiuf (D:2)
  17 orc priests
  3 hounds
  A jelly (D:5)
  4 iguanas
  Terence (D:2)
  7 worker ants
  A killer bee zombie (D:8)
  2 hound skeletons
  A mummy (D:4)
  A worker ant zombie (D:10)
  7 gnolls
  14 adders
  A howler monkey skeleton (D:11)
  8 river rats
  2 shadow imps
  An ooze (D:2)
  A dart slug (D:1)
  5 leopard geckos
  91 orcs
  4 ball pythons
  3 bats
  8 giant cockroaches
  4 goblins
  4 hobgoblins
  6 jackals
  28 kobolds
  5 quokkas
  5 frilled lizards
  A goblin zombie (D:4)
  A hobgoblin zombie (D:4)
  A leopard gecko skeleton (D:8)
  A quokka skeleton (D:4)
  24 rats
  2 briar patches (Swamp:2)
  A bush (D:1)
699 creatures vanquished.

Vanquished Creatures (collateral kills)
  A hydra (Lair:2)
  Nergalle (Lair:2)
  A black mamba (Lair:3)
  2 blink frogs (Lair:1)
  A hippogriff (Lair:2)
  4 yaks (Lair:2)
  A water moccasin (Lair:2)
  8 wolves (Lair:3)
  A hound (D:6)
  An orc priest (D:6)
  A bullfrog skeleton (D:5)
  3 orcs
  A quokka (D:11)
  A fungus (Lair:4)
27 creatures vanquished.

Vanquished Creatures (others)
  A death yak (Lair:6)
  A wizard (D:11)
  A wolf (Lair:3)
  A komodo dragon (Lair:5)
  A blink frog (Lair:3)
  An orc warrior (Orc:2)
  An orc priest (Orc:1)
  3 orcs (Orc:2)
  10 fungi
  33 plants
53 creatures vanquished.

Grand Total: 779 creatures vanquished

Notes
Turn   | Place    | Note
-------+----------+-------------------------------------------
     0 | D:1      | Berder the Mummy Chaos Knight began the quest for the Orb.
     0 | D:1      | Reached XP level 1. HP: 18/18 MP: 1/1
    81 | D:1      | XOM: divination: magic mapping
   627 | D:1      | Reached skill level 1 in Stealth
   627 | D:1      | Reached XP level 2. HP: 24/24 MP: 2/2
  1042 | D:1      | XOM: harmless Fire miscast
  1441 | D:2      | Reached XP level 3. HP: 19/29 MP: 3/3
  1526 | D:1      | XOM: harmless Necr miscast
  1534 | D:2      | XOM: mild Erth miscast
  1655 | D:2      | XOM: divination: detect items
  1685 | D:2      | Found a shattered altar of Ashenzari,
  1689 | D:2      | Found an opulent altar of Gozag,
  1857 | D:2      | Found a runed translucent door,
  1858 | D:2      | Noticed Crazy Yiuf
  1884 | D:2      | Found a shadowy altar of Dithmenos,
  1887 | D:2      | Found a stormy altar of Qazlal,
  1888 | D:2      | Found a snail-covered altar of Cheibriados,
  1888 | D:2      | Found an ornate altar of the Wu Jian Council,
  1889 | D:2      | Found a sacrificial altar of Ru,
  1890 | D:2      | Found a glowing silver altar of Zin,
  2305 | D:2      | Found a faded altar of an unknown god,
  2311 | D:2      | Noticed Terence
  2485 | D:3      | Found a white marble altar of Elyvilon,
  2487 | D:3      | Found a runed translucent door,
  2487 | D:3      | Noticed an angel
  2512 | D:3      | XOM: silly message
  2526 | D:3      | Reached XP level 4. HP: 37/37 MP: 4/4
  2674 | D:3      | XOM: divination: magic mapping
  3053 | D:3      | Found a radiant altar of Vehumet,
  3164 | D:3      | XOM: scenery: create altars
  3316 | D:3      | XOM: cloud trail
  3360 | D:3      | Noticed mrBerzer's ghost (amateur DrBe)
  3361 | D:3      | Found a runed translucent gate,
  3362 | D:3      | Found a runed translucent gate,
  3363 | D:3      | Found a runed translucent gate,
  3366 | D:3      | Identified the +11 dagger of the Coin {vorpal, rC+ Int+7}
  3403 | D:3      | Found a roughly hewn altar of Beogh,
  3595 | D:4      | XOM: confuse monster(s)
  3611 | D:4      | XOM: noise
  3742 | D:4      | XOM: silly message
  3791 | D:4      | XOM: harmless Summ miscast
  3894 | D:4      | XOM: summons 2 hostile demons
  3897 | D:4      | Found Tiackaeb's Gadget Shoppe,
  3907 | D:4      | XOM: cast spell 'Disjunction'
  3909 | D:4      | XOM: blink monster(s)
  4017 | D:3      | XOM: divination: magic mapping
  4042 | D:3      | XOM: god gift: 36 gold pieces
  4142 | D:4      | XOM: divination: detect items
  4145 | D:4      | XOM: god gift: 48 gold pieces
  4171 | D:4      | Reached XP level 5. HP: 43/43 MP: 5/5
  4332 | D:3      | XOM: summons 2 hostile shadow creatures
  4554 | D:4      | XOM: god gift: wand of disintegration (16)
  4587 | D:4      | XOM: enchant monster (good)
  4722 | D:4      | Reached skill level 1 in Evocations
  4931 | D:4      | Reached XP level 6. HP: 33/50 MP: 5/7
  5084 | D:4      | Bought a wand of flame (17) for 95 gold pieces
  5290 | D:4      | XOM: god gift: ration
  5373 | D:5      | Entered Level 5 of the Dungeon
  5379 | D:5      | XOM: god gift: 380 gold pieces
  5392 | D:5      | XOM: 6-stop teleportation journey
  5447 | D:5      | XOM: confuse monster(s)
  5458 | D:5      | XOM: 1-stop teleportation journey
  5579 | D:5      | Found a staircase to the Ecumenical Temple,
  5595 | D:4      | XOM: god gift: 58 gold pieces
  5636 | D:5      | Found a glowing drain,
  5645 | Sewer    | Entered a sewer
  5790 | Sewer    | XOM: smoke on damage
  6211 | Sewer    | XOM: 7-stop teleportation journey
  6275 | Sewer    | Reached XP level 7. HP: 42/55 MP: 8/10
  6291 | Sewer    | Reached skill level 5 in Fighting
  7016 | D:5      | XOM: cast spell 'Call Canine Familiar'
  7223 | D:5      | XOM: god gift: scroll of amnesia
  7251 | D:5      | XOM: harmless Tloc miscast
  7252 | D:5      | XOM: scenery: create altars
  7878 | D:5      | XOM: divination: magic mapping
  7938 | D:6      | Reached XP level 8. HP: 42/67 MP: 11/11
  7945 | D:6      | XOM: summons 2 hostile demons
  8230 | D:6      | XOM: summons 4 friendly demons
  8456 | D:6      | XOM: god gift: scroll of random uselessness
  8514 | D:6      | Got a shimmering ring mail
  8545 | D:6      | Identified the +0 ring mail of Urghem {rPois Regen+ rCorr
                  | Int+4} (You found it on level 6 of the Dungeon)
  8983 | D:5      | XOM: god gift: sapphire potion {god gift}
  9049 | D:6      | XOM: smoke on damage
  9590 | D:7      | Found Enalatwuol's Food Shoppe,
  9590 | D:7      | XOM: 2-stop teleportation journey
  9619 | D:7      | XOM: divination: detect items
  9696 | D:7      | XOM: silly message
  9708 | D:7      | Reached skill level 10 in Fighting
  9730 | D:7      | Noticed Maggie
  9830 | D:7      | XOM: summons 1 hostile shadow creature
  9873 | D:6      | XOM: medium Pois miscast
  9946 | D:4      | Bought a wand of flame (23) for 125 gold pieces
 10003 | D:6      | XOM: divination: magic mapping
 10023 | D:6      | Reached XP level 9. HP: 31/78 MP: 12/12
 10204 | D:6      | XOM: medium Pois miscast
 10519 | D:7      | XOM: harmless Ice miscast
 10632 | D:7      | XOM: scenery: create altars
 10724 | D:7      | XOM: blink monster(s)
 11041 | D:7      | XOM: scenery: create altars
 11168 | D:7      | XOM: god gift: 59 gold pieces
 11548 | D:7      | Killed Maggie
 11977 | D:7      | XOM: 1-stop teleportation journey
 12321 | D:7      | XOM: mild Erth miscast
 12413 | D:8      | XOM: blink monster(s)
 12705 | D:7      | Reached skill level 5 in Evocations
 12755 | D:7      | XOM: mild Ice miscast
 12983 | D:8      | Noticed Grum
 13049 | D:8      | XOM: confuse monster(s)
 13109 | D:8      | Reached skill level 5 in Stealth
 13363 | D:7      | XOM: noise
 13424 | D:7      | XOM: blink monster(s)
 13496 | D:8      | Reached XP level 10. HP: 88/88 MP: 14/14
 13674 | D:8      | Identified the +5 rapier of Sulphur {freeze, rElec rPois
                  | rF-}
 13712 | D:8      | XOM: mild Tmut miscast
 13736 | D:8      | XOM: mild Erth miscast
 13923 | D:8      | XOM: cloud trail
 14256 | D:8      | XOM: noise
 14390 | D:8      | Killed Grum
 14805 | D:8      | Found a runed translucent gate,
 14805 | D:8      | Found a runed translucent gate,
 14805 | D:8      | Found a runed translucent gate,
 14805 | D:8      | Noticed Faca's ghost (novice CeHu)
 14806 | D:8      | Noticed FishTaco's ghost (novice DEIE)
 14820 | D:8      | XOM: mild Tmut miscast
 15036 | D:9      | XOM: cloud trail
 15233 | D:9      | Found a white marble altar of Elyvilon,
 15322 | D:9      | Reached skill level 3 in Maces & Flails
 15370 | D:9      | XOM: mild Tloc miscast
 15387 | D:9      | XOM: mild Pois miscast
 15388 | D:9      | XOM: divination: detect creatures
 15410 | D:9      | XOM: harmless Hex miscast
 15598 | D:9      | Noticed a two-headed ogre
 15613 | D:9      | XOM: confuse monster(s)
 15663 | D:9      | XOM: potion effect (curing)
 15702 | D:9      | Found a staircase to the Lair,
 15968 | D:9      | Noticed Erica
 15987 | Lair:1   | Entered Level 1 of the Lair of Beasts
 16042 | Lair:1   | Noticed a spiny frog
 16050 | Lair:1   | XOM: scenery: create altars
 16060 | Lair:1   | Noticed a spiny frog
 16113 | Lair:1   | Killed a spiny frog
 16113 | Lair:1   | Reached skill level 4 in Maces & Flails
 16138 | Lair:1   | XOM: 2-stop teleportation journey
 16145 | Lair:1   | Killed a spiny frog
 16145 | Lair:1   | Reached skill level 5 in Maces & Flails
 16170 | Lair:1   | XOM: summons friendly ufetubus
 16179 | Lair:1   | Noticed a spiny frog
 16429 | Lair:1   | XOM: scenery: create altars
 16467 | Lair:1   | Killed a blink frog
 16467 | Lair:1   | Reached skill level 6 in Maces & Flails
 16547 | Lair:1   | Found a dark tunnel,
 16555 | Volcano  | Entered a volcano
 16665 | Volcano  | Noticed a molten gargoyle
 16672 | Volcano  | XOM: confuse monster(s)
 16941 | Lair:1   | XOM: 3-stop teleportation journey
 16954 | Lair:1   | Reached XP level 11. HP: 73/93 MP: 16/16
 17018 | Lair:1   | Reached skill level 7 in Maces & Flails
 17299 | Lair:1   | XOM: chaos cloud
 17411 | Lair:1   | XOM: scenery: 3 doors open
 17598 | Lair:1   | XOM: blink monster(s)
 17608 | Lair:1   | XOM: mild Summ miscast
 17632 | Lair:1   | XOM: harmless Necr miscast
 18042 | Lair:1   | XOM: silly message
 18052 | Lair:1   | Upgraded the game from 0.25-a0-690-g234afa5 to
                  | 0.25-a0-697-g890751e
 18132 | Lair:2   | Noticed Nergalle
 18139 | Lair:2   | Killed Nergalle
 18144 | Lair:2   | Reached skill level 8 in Maces & Flails
 18173 | Lair:2   | Noticed a six-headed hydra
 18181 | Lair:2   | Killed a six-headed hydra
 18532 | Lair:2   | XOM: divination: magic mapping
 18585 | Lair:2   | XOM: medium Tmut miscast
 18706 | Lair:2   | Found a staircase to the Swamp,
 18716 | Lair:2   | XOM: cleaving
 18936 | Lair:2   | XOM: confuse monster(s)
 19026 | Lair:2   | Reached skill level 9 in Maces & Flails
 19037 | Lair:2   | XOM: god gift: 43 gold pieces
 19059 | Lair:2   | XOM: fog
 19214 | Lair:2   | XOM is BORED!
 19214 | Lair:2   | XOM: mild Ice miscast
 19372 | Lair:2   | XOM: mild Tloc miscast
 19381 | Lair:2   | Noticed a catoblepas
 19397 | Lair:2   | XOM: butterfly on damage
 19537 | Lair:1   | XOM: scenery: 2 doors close
 19636 | Lair:1   | XOM: medium Tloc miscast
 19672 | Lair:1   | XOM: scenery: 2 doors open
 19850 | Lair:2   | Noticed Sonja
 19856 | Lair:2   | XOM: god gift: shimmering lapis lazuli ring {god gift}
 19857 | Lair:2   | Got a shimmering lapis lazuli ring {god gift}
 19859 | Lair:2   | Identified the ring of Gaumotwa {*Tele rElec rF- Dex+4}
                  | (Xom gifted it to you on level 2 of the Lair of Beasts)
 20136 | D:4      | Bought a wand of polymorph (8) for 100 gold pieces
 20196 | D:6      | XOM: summons 4 hostile shadow creatures
 20430 | Lair:2   | XOM: summons 1 hostile demon
 20696 | Lair:3   | XOM: cast spell 'Summon Horrible Things'
 20748 | Lair:3   | XOM: fake destruction
 20757 | Lair:3   | XOM: scenery: create altars
 20947 | Lair:2   | XOM: god gift: pair of boots {god gift}
 21084 | Lair:2   | Identified Qadik's Compendium of Frigorific Poisoning (Xom
                  | gifted it to you on level 2 of the Lair of Beasts)
 21084 | Lair:2   | XOM: god gift: Qadik's Compendium of Frigorific Poisoning
 21118 | Lair:2   | Sonja changed into something unseen
 21154 | Lair:2   | Noticed Sonja
 21158 | Lair:2   | Noticed Sonja
 21158 | Lair:2   | Sonja the unseen horror changed into Sonja the shapeshifter
 21158 | Lair:2   | XOM: polymorph Sonja the unseen horror -> Sonja the
                  | shapeshifter
 21158 | Lair:2   | Noticed Sonja
 21158 | Lair:2   | Sonja the shapeshifter changed into Sonja the soldier ant
 21163 | Lair:2   | Killed Sonja the soldier ant
 21243 | Lair:3   | Reached skill level 10 in Maces & Flails
 21293 | Lair:3   | XOM: confuse monster(s)
 21484 | Lair:3   | XOM: cloud trail
 21585 | Lair:3   | XOM: harmless Chrm miscast
 21613 | Lair:3   | XOM is BORED!
 21676 | Lair:3   | Noticed a seven-headed hydra
 21713 | Lair:2   | XOM: summons friendly white imp
 21799 | Lair:2   | XOM: mild Ice miscast
 21899 | Lair:3   | XOM: blink monster(s)
 21900 | Lair:3   | XOM: 4-stop teleportation journey
 22066 | Lair:2   | XOM: scenery: create altars
 22167 | Lair:2   | XOM: 1-stop teleportation journey
 22168 | Lair:2   | XOM: scenery: create altars
 22366 | Lair:3   | Reached XP level 12. HP: 91/100 MP: 17/17
 22391 | Lair:3   | XOM: god gift: wand of iceblast (13)
 22465 | Lair:3   | Found a hole to the Spider Nest,
 22485 | Lair:3   | XOM: enchant monster (good)
 22494 | Lair:3   | Reached skill level 11 in Maces & Flails
 22495 | Lair:3   | Noticed Prince Ribbit
 22524 | Lair:3   | XOM: scenery: create altars
 22535 | Lair:2   | XOM: fog
 22624 | Lair:3   | XOM: divine lightning
 22670 | Lair:3   | XOM: mild Conj miscast
 22687 | Lair:3   | XOM: enchant monster (good)
 22688 | Lair:2   | XOM: destruction
 23234 | Lair:3   | XOM: cast spell 'Metabolic Englaciation'
 23237 | Lair:3   | Killed a seven-headed hydra
 23370 | Lair:3   | Killed Prince Ribbit
 23512 | Lair:3   | XOM: divination: magic mapping
 23610 | Lair:3   | XOM: potion effect (stabbing)
 23746 | Lair:3   | XOM: enchant monster (good)
 24094 | Lair:3   | Noticed a five-headed hydra
 24101 | Lair:3   | Killed a five-headed hydra
 24101 | Lair:3   | Reached skill level 12 in Maces & Flails
 24250 | Lair:3   | XOM: harmless Conj miscast
 24341 | Lair:4   | Noticed a death yak
 24341 | Lair:4   | Noticed a death yak
 24341 | Lair:4   | Noticed a death yak
 24485 | Lair:4   | XOM: harmless Chrm miscast
 24624 | Lair:4   | XOM: harmless Hex miscast
 24644 | Lair:4   | XOM: enchant monster (good)
 24688 | Lair:4   | XOM: mild Ice miscast
 24781 | Lair:4   | XOM: harmless Summ miscast
 24925 | Lair:4   | XOM: summons 4 friendly demons
 25276 | Lair:4   | XOM: cleaving
 25282 | Lair:4   | XOM: smoke on damage
 25451 | Lair:3   | XOM: scenery: create altars
 25498 | Lair:3   | XOM: god gift: robe {god gift}
 25617 | Lair:4   | XOM: scenery: create altars
 25627 | Lair:4   | XOM: cast spell 'Disjunction'
 25638 | Lair:4   | Killed a death yak
 25798 | Lair:4   | XOM: scenery: create altars
 25849 | Lair:3   | Killed a death yak
 25849 | Lair:3   | Reached skill level 13 in Maces & Flails
 25867 | Lair:3   | XOM: medium Summ miscast
 25877 | Lair:3   | HP: 4/100 [small abomination[the capriciousness of Xom]
                  | (15)]
 26097 | Lair:2   | XOM: harmless Chrm miscast
 26415 | Lair:4   | XOM: cleaving
 26648 | Lair:4   | Found a transporter,
 26650 | Lair:4   | Found a transporter,
 26653 | Lair:4   | Noticed louisi3's ghost (journeyman HaHu)
 26729 | Lair:4   | XOM: god gift: scroll of noise
 26733 | Lair:4   | Killed a death yak
 26764 | Lair:4   | XOM: summons 1 hostile shadow creature
 26890 | Lair:4   | Noticed a five-headed hydra
 26893 | Lair:4   | XOM: cast spell 'Metabolic Englaciation'
 26902 | Lair:4   | Killed a five-headed hydra
 27005 | Lair:2   | XOM: harmless Air miscast
 27016 | Lair:2   | Killed a catoblepas
 27142 | D:7      | XOM: cloud trail
 27270 | D:3      | Killed mrBerzer's ghost
 27270 | D:3      | Gained mutation: You are in touch with the powers of death.
                  | [Mummy growth]
 27270 | D:3      | Reached XP level 13. HP: 57/106 MP: 18/18
 27379 | D:2      | Killed Terence
 27466 | D:2      | Killed Crazy Yiuf
 28185 | D:9      | XOM: god gift: scroll labeled WAC GEMEFAYXAE {god gift}
 28370 | D:9      | XOM: divination: magic mapping
 28374 | D:9      | Killed Erica
 28446 | D:10     | Entered Level 10 of the Dungeon
 28453 | D:10     | Reached skill level 1 in Shields
 28610 | D:10     | XOM: mild Summ miscast
 28636 | D:10     | Noticed Gastronok
 28728 | D:10     | Killed Gastronok
 28893 | D:10     | XOM: god gift: scroll of teleportation
 28960 | D:10     | XOM: cloud trail
 29252 | D:10     | XOM: enchant monster (bad)
 29283 | D:10     | XOM: enchant monster (good)
 29481 | D:10     | XOM: god gift: wand of flame (22)
 29516 | D:10     | XOM: confuse monster(s)
 29680 | D:11     | XOM: harmless Chrm miscast
 29688 | D:11     | XOM: summons friendly iron imp
 29745 | D:11     | Found a runed translucent gate,
 29745 | D:11     | Found a runed translucent gate,
 29746 | D:11     | Found a runed translucent gate,
 29762 | D:11     | XOM: divination: detect items
 29784 | D:11     | XOM: summons 4 friendly demons
 29807 | D:11     | Found Daduvaut's Gadget Shoppe,
 29828 | D:11     | Found a bloodstained altar of Trog,
 29863 | D:11     | XOM: cleaving
 29901 | D:11     | XOM: god gift: 36 gold pieces
 29909 | D:11     | XOM: divination: detect items
 29920 | D:11     | XOM: summons 4 friendly demons
 30100 | D:11     | XOM: harmless Air miscast
 30103 | D:11     | XOM: cloud trail
 30169 | D:11     | XOM: god gift: wand of clouds (8)
 30263 | D:11     | XOM: god gift: bubbling green potion {god gift}
 30319 | D:11     | Noticed Cobeeg's ghost (journeyman GrFi)
 30319 | D:11     | Noticed Cobeeg's ghost (journeyman GrFi)
 30630 | D:11     | Reached skill level 14 in Maces & Flails
 30964 | D:12     | Found a staircase to the Orcish Mines,
 31239 | D:12     | Found Punat's Magic Scroll Boutique,
 31243 | D:12     | Bought a scroll of teleportation for 45 gold pieces
 31243 | D:12     | Bought a scroll of enchant weapon for 112 gold pieces
 31243 | D:12     | Bought a scroll of brand weapon for 300 gold pieces
 31245 | D:12     | Bought a scroll of acquirement for 780 gold pieces
 31245 | D:12     | Identified the ring "Earthly Heaven" {rElec rCorr} (You
                  | acquired it on level 12 of the Dungeon)
 31252 | D:12     | XOM: 1-stop teleportation journey
 31296 | D:12     | XOM: 2-stop teleportation journey
 31571 | D:12     | XOM: summons friendly ufetubus
 31704 | D:12     | XOM: scenery: 1 doors open, 1 doors close
 31903 | D:9      | XOM: harmless Tmut miscast
 31972 | Lair:2   | XOM: scenery: create altars
 32160 | Lair:5   | XOM: god gift: weird glowing staff {god gift}
 32169 | Lair:5   | XOM: divination: detect items
 32335 | Lair:5   | XOM: enchant monster (good)
 32425 | Lair:5   | Found the brooch of Shielding {Reflect SH+8}
 32443 | Lair:5   | XOM: confuse monster(s)
 32464 | Lair:5   | XOM: harmless Summ miscast
 32465 | Lair:5   | XOM: fog
 32480 | Lair:5   | XOM: polymorph death yak -> something unseen
 32482 | Lair:5   | Noticed a ghost moth
 32489 | Lair:5   | XOM: smoke on damage
 32492 | Lair:5   | Killed a ghost moth
 32647 | Lair:5   | XOM: confuse monster(s)
 32679 | Lair:5   | Reached skill level 5 in Shields
 32790 | Lair:5   | XOM: mild Erth miscast
 32849 | Lair:5   | XOM: god gift: 22 gold pieces
 33123 | Lair:5   | Found a staircase to the Slime Pits,
 33136 | Lair:5   | XOM: summons 3 hostile shadow creatures
 33307 | Lair:6   | Entered Level 6 of the Lair of Beasts
 33331 | Lair:6   | XOM: medium Summ miscast
 33390 | Lair:6   | XOM: potion effect (might)
 33395 | Lair:5   | XOM: summons friendly quasit
 33401 | Lair:5   | Reached skill level 5 in Armour
 33476 | Lair:5   | XOM: summons 2 hostile demons
 33477 | Lair:5   | Reached XP level 14. HP: 102/113 MP: 19/19
 33613 | Lair:5   | XOM: noise
 33661 | Lair:6   | XOM: harmless Hex miscast
 33851 | Lair:6   | XOM: potion effect (brilliance)
 33958 | Lair:6   | XOM: 1-stop teleportation journey
 34169 | Lair:6   | Noticed Snorg
 34189 | Lair:6   | Killed Snorg
 34191 | Lair:6   | XOM: enchant monster (good)
 34775 | Lair:6   | XOM: divination: magic mapping
 34910 | Lair:6   | XOM: 3-stop teleportation journey
 35012 | Lair:6   | XOM: divination: detect items
 35062 | Lair:6   | XOM: mild Necr miscast
 35190 | Lair:6   | XOM: harmless Pois miscast
 35323 | Lair:6   | XOM: summons friendly ufetubus
 35336 | Lair:6   | XOM: cast spell 'Ring of Flames'
 35369 | Lair:6   | XOM: cast spell 'Summon Ice Beast'
 35384 | Lair:6   | XOM: summons friendly shadow imp
 35401 | Lair:6   | XOM: summons friendly shadow imp
 35420 | Lair:5   | XOM: scenery: create altars
 35426 | Lair:5   | XOM: cloud trail
 35619 | Lair:6   | Reached skill level 15 in Maces & Flails
 35918 | Lair:6   | Got an obsidian-encrusted chain mail
 35929 | Lair:6   | Identified the +5 chain mail "Xinuhim" {+Blink SInv} (You
                  | found it on level 6 of the Lair of Beasts)
 35978 | Lair:6   | XOM: god gift: wand of polymorph (7)
 36349 | Orc:1    | Entered Level 1 of the Orcish Mines
 36364 | Orc:1    | XOM: polymorph orc wizard -> adder
 36725 | Orc:2    | Entered Level 2 of the Orcish Mines
 36725 | Orc:2    | Found Kuohi's Antique Weapon Shop,
 36920 | Orc:2    | XOM: medium Air miscast
 37050 | Orc:2    | XOM: enchant monster (bad)
 37063 | Orc:2    | XOM: scenery: create altars
 37189 | Orc:2    | Found a staircase to the Elven Halls,
 37264 | Orc:2    | XOM: harmless Conj miscast
 37307 | Orc:2    | XOM: medium Tloc miscast
 37469 | Orc:2    | XOM: summons friendly crimson imp
 37679 | Orc:2    | Noticed an orc warlord
 37699 | Orc:1    | XOM: harmless Air miscast
 37713 | Orc:1    | Killed an orc warlord
 37826 | Orc:2    | Found a roughly hewn altar of Beogh,
 37888 | Orc:2    | XOM: noise
 37904 | Orc:2    | Reached XP level 15. HP: 119/119 MP: 20/20
 37911 | Orc:2    | Found Kanu's Book Boutique,
 37925 | Orc:2    | Found Zaed's General Store,
 37933 | Orc:2    | Bought a scroll of teleportation for 45 gold pieces
 37942 | Orc:2    | Found Cummer's Antique Weapon Boutique,
 37953 | Orc:2    | XOM: god gift: wand of scattershot (8)
 38257 | Orc:2    | XOM: cast spell 'Discord'
 38533 | Orc:2    | Found Ycuetsip's Antique Armour Boutique,
 38539 | Orc:2    | Bought a fine scale mail for 162 gold pieces
 38549 | Orc:2    | Identified the cursed +1 scale mail of Duvi {MR+} (You
                  | bought it in a shop on level 2 of the Orcish Mines)
 38711 | Orc:2    | XOM: mild Ice miscast
 38749 | Orc:2    | Bought a runed morningstar for 238 gold pieces
 38983 | Swamp:1  | Entered Level 1 of the Swamp
 39119 | Swamp:1  | XOM: confusion
 39159 | Swamp:1  | XOM: stat loss: -1 Str (21/22)
 39395 | Swamp:1  | Found a transporter,
 39395 | Swamp:1  | XOM: 3-stop teleportation journey
 39494 | Swamp:1  | XOM: harmless Pois miscast
 39655 | Swamp:1  | XOM: chaos cloud
 39722 | Swamp:1  | Found a transporter,
 40109 | Swamp:2  | XOM: summons 1 hostile demon
 40116 | Swamp:2  | Noticed a thorn hunter
 40119 | Swamp:2  | XOM: mild Conj miscast
 40173 | Swamp:1  | XOM: silly message
 40376 | D:11     | XOM: divination: detect creatures
 40382 | D:11     | XOM: confuse monster(s)
 40390 | D:11     | XOM: enchant monster (good)
 40395 | D:11     | XOM: divination: magic mapping
 40406 | D:11     | Killed Cobeeg's ghost
 40432 | D:11     | XOM: enchant monster (good)
 40447 | D:11     | Killed Cobeeg's ghost
 40606 | D:11     | XOM: god gift: scroll of teleportation
 40823 | D:8      | XOM: cast spell 'Discord'
 40828 | D:8      | Killed FishTaco's ghost
 40859 | D:8      | Killed Faca's ghost
 41100 | Swamp:2  | XOM: scenery: create altars
 41103 | Swamp:2  | XOM: butterfly on damage
 41109 | Swamp:2  | XOM: scenery: create altars
 41109 | Swamp:2  | Killed from afar by a thorn hunter

Levels and vault maps discovered:
D:1:      lightli_arrival_maybe_door_vault, layout_basic, serial_forest,
          infiniplex_forest_straight_5, infiniplex_forest_clump_medium,
          infiniplex_forest_lined_3, infiniplex_forest_straight_4,
          infiniplex_forest_lined_1, infiniplex_forest_lined_3,
          infiniplex_forest_straight_5, infiniplex_forest_end_3,
          infiniplex_forest_pool, minmay_ruptured
D:2:      layout_rooms, minitemple, chequers_temple_overflow_statue_of_worship,
          chequers_ecumenical_altar_simple_redux, first_ration,
          nrook_mini_backslash, uniq_terence, uniq_crazy_yiuf_cottage
D:3:      layout_rooms, vehumet_crystals, biasface_ghost_orc_armoury,
          lemuel_angel_altar
D:4:      layout_loops_cross, serial_shops, shop, nicolae_ossuary_entry_giza
D:5:      kennysheep_spiral_hall, layout_basic,
          minmay_temple_entry_proselytizer, gup_sewer_entry_bowl
D:6:      layout_cave_pools
D:7:      layout_loops_ring, serial_shops, shop_fountains, grunt_livestock,
          uniq_maggie
D:8:      layout_basic, gammafunk_ghost_cemetery, chequers_garden, uniq_grum
D:9:      layout_gridville, elyvilon_altar_3, erik_lair_orcish_takeover,
          uniq_erica
D:10:     layout_basic, hex_large, uniq_gastronok
D:11:     layout_loops_ring, gammafunk_ghost_cemetery, serial_shops, shop,
          trog_wizard
D:12:     layout_roguey, orc_0_dummy, serial_shops, shop, special_room
          [special_room_orc]
Lair:1:   layout_cave_pods, nicolae_volcano_entry_lava_flow,
          chequers_serial_rivers_small_3, grunt_megastairs_3,
          serial_bayou_shore_a
Lair:2:   layout_concentric_octagons, nicolae_swamp_entry_splash_gauntlet,
          serial_forest, infiniplex_forest_straight_3,
          infiniplex_forest_clump_long, infiniplex_forest_clump_curved,
          infiniplex_forest_lined_1, infiniplex_forest_lined_room_,
          infiniplex_forest_clump_small, infiniplex_forest_straight_2,
          uniq_nergalle, uniq_sonja
Lair:3:   cheibrodos_lair_overgrown_chateau, layout_hall_layers,
          dummy_spider_entry, grunt_forest_stairs_basic,
          chequers_serial_rivers_marsh, grunt_forest_large_clearings,
          uniq_prince_ribbit2
Lair:4:   layout_regular_city, gammafunk_ghost_hive
Lair:5:   layout_loops_ring, minmay_slime_entry_oklob_enclosed,
          roderic_carrion_pond, lemuel_fruit_tree
Lair:6:   evilmike_catoblepas_cave, layout_hall_layers, lemuel_fruit_fields,
          uniq_snorg
Swamp:1:  gammafunk_its_a_trap, layout_basic_swamp, evilmike_swamp_ruin_house_6
Swamp:2:  layout_basic_swamp, evilmike_swamp_ruin_rubble_2
Orc:1:    layout_caves, serial_shops, shop_statue, nicolae_alphabet_shops,
          uniq_fannar
Orc:2:    grunt_orc_cross, layout_caves, serial_shops, shop_fountains,
          nooodl_orcs_dogs

Skill      XL: |  1  2  3  4  5  6  7  8  9 10 11 12 13 14 15 |
---------------+----------------------------------------------+-----
Stealth        | 1 2 3 5 |  5.0
Fighting       | 4 7 10 11 | 11.5
Evocations     | 1 4 5 7 |  7.0
Maces & Flails | 6 10 13 14 15 | 15.4
Shields        | 5 7 8 |  8.4
Armour         | 5 7 8 |  8.2
Dodging        | |  0.7

Action                   |  1- 3 |  4- 6 |  7- 9 | 10-12 | 13-15 || total
-------------------------+-------+-------+-------+-------+-------++-------
Melee: Mace              |   128 |   245 |   386 |       |       ||   759
       Flail             |       |       |    88 |   125 |       ||   213
       Eveningstar       |       |       |       |   631 |  1141 ||  1772
       Morningstar       |       |       |       |       |   198 ||   198
 Fire: Hand crossbow     |       |       |     2 |    38 |       ||    40
Throw: Dart              |       |       |       |     5 |     3 ||     8
 Abil: Evoke Blink       |       |       |       |       |     1 ||     1
Evoke: Wand              |       |       |    40 |    45 |    21 ||   106
       Phial of floods   |       |       |       |       |     1 ||     1
  Use: Scroll            |     3 |     6 |     6 |    15 |    11 ||    41
 Stab: Sleeping          |     1 |     2 |     1 |     8 |       ||    12
       Petrified         |       |     2 |     4 |     3 |     4 ||    13
       Petrifying        |       |     2 |     2 |     2 |     3 ||     9
       Paralysed         |       |     2 |     2 |       |    10 ||    14
       Distracted        |       |     1 |       |     2 |       ||     3
       Confused          |       |       |     2 |     1 |     4 ||     7
Armor: Leather armour    |    32 |    79 |   129 |       |       ||   240
       Acid dragon scale |       |       |    54 |   416 |     1 ||   471
       Chain mail        |       |       |       |       |   423 ||   423
       Plate armour      |       |       |       |       |    31 ||    31
Dodge: Dodged            |    50 |   157 |   261 |   541 |   123 ||  1132
Block: Kite shield       |       |       |       |       |   451 ||   451
       Tower shield      |       |       |       |       |   383 ||   383
       Reflection        |       |       |       |       |    15 ||    15

Table legend:
 A = Non-vault XP
 B = Vault XP
 C = Vault XP percentage of total XP
 D = Non-vault monster count
 E = Vault monster count
 F = Vault count percentage of total count
                 A         B        C        D         E       F
            +---------+---------+-------+---------+---------+-------
      Total |   71611 |   45535 |  38.9 |     463 |     262 |  36.1
            +---------+---------+-------+---------+---------+-------
        D:1 |       6 |       9 |  60.0 |       4 |       4 |  50.0
        D:2 |      67 |      77 |  53.5 |      17 |       2 |  10.5
        D:3 |      84 |     216 |  72.0 |      23 |       6 |  20.7
        D:4 |     252 |      20 |   7.4 |      11 |       3 |  21.4
        D:5 |     365 |     181 |  33.2 |      15 |       4 |  21.1
        D:6 |     880 |       0 |   0.0 |      21 |       0 |   0.0
        D:7 |    1344 |    1717 |  56.1 |      20 |       9 |  31.0
        D:8 |    1626 |    1757 |  51.9 |      32 |       3 |   8.6
        D:9 |     556 |    1413 |  71.8 |      19 |       9 |  32.1
       D:10 |    2966 |    2255 |  43.2 |      21 |       1 |   4.5
       D:11 |    4752 |    1786 |  27.3 |      41 |       2 |   4.7
       D:12 |    2017 |    1453 |  41.9 |      19 |      25 |  56.8
     Lair:1 |    4339 |     196 |   4.3 |      21 |       1 |   4.5
     Lair:2 |    4360 |    2116 |  32.7 |      20 |      11 |  35.5
     Lair:3 |    2142 |    8943 |  80.7 |       6 |      55 |  90.2
     Lair:4 |    7550 |       0 |   0.0 |      26 |       0 |   0.0
     Lair:5 |   13241 |     750 |   5.4 |      31 |       6 |  16.2
     Lair:6 |   11280 |   13066 |  53.7 |      32 |      24 |  42.9
    Swamp:1 |    7251 |       0 |   0.0 |      22 |       0 |   0.0
    Swamp:2 |    1674 |       0 |   0.0 |       4 |       0 |   0.0
      Orc:1 |    1465 |    2382 |  61.9 |      19 |       2 |   9.5
      Orc:2 |    3394 |    6476 |  65.6 |      39 |      46 |  54.1
      Sewer |       0 |     366 | 100.0 |       0 |      48 | 100.0
    Volcano |       0 |     356 | 100.0 |       0 |       1 | 100.0
            +---------+---------+-------+---------+---------+-------
